 Dungeon Crawl Stone Soup version 0.29-a0-284-gf9362112df (webtiles) character file.

Game seed: 13949957590707838625

14260 Ijustatesigmund the Spear-Bearer (level 11, -35/156 HPs)
             Began as a Minotaur Monk on Mar 15, 2022.
             Was an Elder of the Shining One.
             Killed from afar by Frances (56 damage)
             ... with an iron shot
             ... on level 12 of the Dungeon.
             The game lasted 00:20:21 (10269 turns).

Ijustatesigmund the Spear-Bearer (Minotaur Monk)   Turns: 10269, Time: 00:20:22

Health: -35/156    AC: 23    Str: 21    XL:     11   Next: 86%
Magic:  9/16       EV: 13    Int:  7    God:    the Shining One [****..]
Gold:   542        SH:  9    Dex: 12    Spells: 10/10 levels left

rFire   + . .      SeeInvis +   a - +8 lance "Wyrmbane" {slay drac, rPois rF+ rC+ AC+3}
rCold   + . .      Faith    .   (no shield)
rNeg    + + +      Spirit   .   b - +4 ring mail
rPois   +          Reflect  .   k - +0 mask of the Dragon {Will+ Slay+3 SInv}
rElec   .          Harm     .   x - +2 cloak {Will+}
rCorr   .          Rampage  .   f - +1 pair of gloves
Will    ++...                   q - +2 pair of boots
Stlth   ..........              (no amulet)
HPRegen 0.36/turn               h - ring of poison resistance
MPRegen 0.15/turn               H - ring of positive energy

@: berserking, divinely shielded, glowing, very quick
A: horns 2, retaliatory headbutt
a: Renounce Religion, Divine Shield, Cleansing Flame


You were on level 12 of the Dungeon.
You worshipped the Shining One.
The Shining One was greatly pleased with you.
You visited 2 branches of the dungeon, and saw 13 of its levels.
You also visited: Ossuary.

You collected 1983 gold pieces.
You spent 1441 gold pieces at shops.

Inventory:

Hand Weapons
 a - the +8 lance "Wyrmbane" (weapon) {slay drac, rPois rF+ rC+ AC+3}
   (You bought it in a shop on level 3 of the Dungeon)

   It inflicts extra damage against dragons and draconians.
   AC:        It affects your AC (+3).
   rF:        It protects you from fire.
   rC:        It protects you from cold.
   rPois:     It protects you from poison.
Armour
 b - a +4 ring mail (worn)
 f - a +1 pair of gloves (worn)
 k - the +0 mask of the Dragon (worn) {Will+ Slay+3 SInv}
   (You acquired it on level 7 of the Dungeon)

   Slay:      It affects your accuracy & damage with ranged weapons and melee
   (+3).
   SInv:      It lets you see invisible.
   Will:      It increases your willpower.
 q - a +2 pair of boots (worn)
 x - a +2 cloak of willpower (worn)
Jewellery
 g - a ring of fire
 h - a ring of poison resistance (left hand)
 j - a ring of wizardry
 m - a ring of fire
 F - a ring of protection from cold
 H - a ring of positive energy (right hand)
Wands
 C - a wand of iceblast (13)
 G - a wand of digging (5)
Scrolls
 i - 4 scrolls of teleportation
 l - a scroll of enchant weapon
 s - 8 scrolls of noise
 u - 4 scrolls of fear
 w - 4 scrolls of immolation
 y - 6 scrolls of identify
 B - 2 scrolls of fog
 E - 2 scrolls of magic mapping
 I - a scroll of blinking
Potions
 c - 4 potions of ambrosia
 d - a potion of berserk rage
 e - 2 potions of haste
 n - a potion of heal wounds
 o - 5 potions of curing
 p - 3 potions of brilliance
 r - 2 potions of invisibility
 t - 3 potions of attraction
 v - 3 potions of might
 z - a potion of magic
 A - 2 potions of mutation
 D - a potion of resistance


   Skills:
 + Level 12.1 Fighting
 - Level 5.3(9.4) Axes
 - Level 12.1(12.5) Polearms
 + Level 9.9 Armour
 + Level 6.6 Dodging
 - Level 1.5 Stealth
 + Level 8.4 Invocations


You had 10 spell levels left.
You didn't know any spells.
Your spell library contained the following spells:

 Spells                   Type           Power      Damage    Failure   Level
 Magic Dart               Conj           0%         1d3       56%         1
 Shock                    Conj/Air       0%         1d3       56%         1
 Call Imp                 Summ           0%         N/A       71%         2
 Static Discharge         Conj/Air       0%         N/A       71%         2
 Conjure Flame            Conj/Fire      0%         6-21      90%         3
 Ignite Poison            Fire/Tmut/Pois 0%         N/A       90%         3
 Mephitic Cloud           Conj/Pois/Air  0%         N/A       90%         3
 Swiftness                Air            0%         N/A       90%         3
 Airstrike                Air            0%         N/A       100%        4
 Dispel Undead            Necr           0%         3d6       100%        4
 Sticky Flame             Conj/Fire      0%         2d3       100%        4
 Blade Hands              Tmut           0%         N/A       100%        5
 Irradiate                Conj/Tmut      0%         3d13      100%        5
 Dragon Form              Tmut           0%         N/A       100%        7
 Chain Lightning          Conj/Air       0%         N/A       100%        9
 Fire Storm               Conj/Fire      0%         5d1       100%        9
 Shatter                  Erth           0%         3d5*      100%        9


Dungeon Overview and Level Annotations

Branches:
Dungeon (12/15)            Temple (1/1) D:4            Lair (0/6) D:8
    Orc (0/2) D:11        Ossuary (visited)

Altars:
Ashenzari
Cheibriados
Dithmenos
Elyvilon
Fedhas
Gozag
Hepliaklqana
Kikubaaqudgha
Makhleb
Nemelex Xobeh
Okawaru
Qazlal
Ru
Sif Muna
Trog
Uskayaw
Vehumet
Wu Jian
Xom
Yredelemnul
Zin
The Shining One

Shops:
D:3 ([   D:9 ???*   D:10 (

Annotations:
D:4 1 runed translucent door
D:5 1 runed translucent door, EiAlmux's ghost, novice TeCj
D:12 Frances


Innate Abilities, Weirdness & Mutations

You have a pair of horns on your head.
You reflexively headbutt those who attack you in melee.


Message History

The golden flame engulfs the sun demon!!
The sun demon writhes in agony!
The sun demon is almost dead.
The golden flame engulfs Frances.
Frances is moderately wounded.
The golden flame engulfs the hellwing!!!
The hellwing writhes in agony!
The hellwing is severely wounded.
The golden flame engulfs the sun demon!!
The sun demon writhes in agony!
The sun demon is severely wounded.
You hear a shout!
Frances hits you with a +0 glaive! The sun demon barely misses you.
Frances says, "I speak the language of demons!"
Frances whispers indecipherable words.
The iron shot hits you!!
* * * LOW HITPOINT WARNING * * *
Unknown command.
You feel much better. You block the sun demon's attack.
Frances closely misses you. You block the hellwing's attack.
The hellwing hits you but does no damage.
A red film seems to cover your vision as you go berserk!
You feel yourself moving faster!
You feel mighty!
Frances sneers.
You block Frances's attack. The sun demon barely misses you.
You furiously retaliate!
You headbutt the sun demon!
You kill the sun demon!
The sun demon disappears in a puff of smoke!
The hellwing hits you.
* * * LOW HITPOINT WARNING * * *
The hellwing hits you but does no damage.
Frances hits you with a +0 glaive!!
* * * LOW HITPOINT WARNING * * *
You impale Frances!!
Frances is heavily wounded.
You puncture Frances! You headbutt Frances, but do no damage.
Frances is severely wounded.
Frances mutters in a terrible tongue.
The iron shot hits you!!!
You die...

#.......# #.......#
#.......## #........#
#........# #........##
######## #...§@....#
#....... #...@3..#.#
#.......
###...§4.[#.####.......
.......).)[........)....
..###########.#.#####...
. #.))# #### ##..# #####
######..####....
#..........+....
#.####..####....


You could see Frances (fast), a sun demon (summoned) and a hellwing (summoned).

Vanquished Creatures
  A death knight (D:10)
  3 two-headed ogres
  A fire crab (shapeshifter) (D:9)
  A cyclops (D:10)
  An ugly thing (D:12)
  Joseph (D:8)
  An unseen horror (D:10)
  2 kobold demonologists (D:11)
  A komodo dragon (D:8)
  2 trolls (D:12)
  Grinder (D:6)
  A hornet (D:8)
  2 shadows
  A spriggan (D:8)
  2 wyverns
  9 yaks
  3 steam dragons
  3 vampire mosquitoes
  6 acid dragons
  2 water moccasins (D:8)
  3 ice beasts
  6 orc warriors
  4 black bears
  2 ogres
  A phantom (D:4)
  2 kobold brigands
  A necrophage (D:4)
  8 bullfrogs
  2 scorpions
  A gnoll sergeant (D:6)
  9 wights
  3 killer bees (D:9)
  3 hounds
  3 jellies (D:7)
  A human zombie (Ossuary)
  2 orc priests (D:9)
  Crazy Yiuf (D:5)
  6 iguanas
  10 orc wizards
  Natasha (thrice) (D:4)
  4 mummies (Ossuary)
  15 gnolls
  5 adders
  A shadow imp (D:7)
  2 ufetubi
  2 worms
  2 dart slugs
  65 orcs
  2 ball pythons
  7 bats
  2 bat zombies (D:6)
  3 endoplasms
  5 giant cockroaches
  A gnoll zombie (Ossuary)
  9 goblins
  9 hobgoblins
  10 kobolds
  3 quokkas
  3 frilled lizards
  2 hobgoblin zombies (Ossuary)
  3 kobold zombies (Ossuary)
  An orc zombie (Ossuary)
  12 rats
  6 rat zombies (D:6)
289 creatures vanquished.

Vanquished Creatures (collateral kills)
  A boulder beetle (D:10)
1 creature vanquished.

Vanquished Creatures (others)
  24 fungi
  27 plants
  2 withered plants (D:5)
53 creatures vanquished.

Grand Total: 343 creatures vanquished

Notes
Turn   | Place    | Note
-------+----------+-------------------------------------------
     0 | D:1      | Ijustatesigmund the Minotaur Monk began the quest for the
                  | Orb.
     0 | D:1      | Reached XP level 1. HP: 19/19 MP: 0/0
   430 | D:1      | Reached XP level 2. HP: 27/27 MP: 1/1
   973 | D:2      | Identified a scroll of acquirement
   973 | D:2      | Acquired 1183 gold pieces
  1007 | D:2      | Reached XP level 3. HP: 34/34 MP: 2/2
  1463 | D:2      | Reached skill level 5 in Fighting
  1463 | D:2      | Reached skill level 5 in Axes
  1463 | D:2      | Reached XP level 4. HP: 25/42 MP: 3/3
  1990 | D:3      | Found Vaych's Weapon Shoppe.
  1997 | D:3      | Bought the +8 lance "Wyrmbane" {slay drac, rPois rF+ rC+
                  | AC+3} for 1050 gold pieces
  1997 | D:3      | Found the +8 lance "Wyrmbane" {slay drac, rPois rF+ rC+
                  | AC+3}
  2138 | D:3      | Found Neint's Armour Shoppe.
  2146 | D:3      | Bought a +2 pair of boots for 231 gold pieces
  2418 | D:3      | Reached skill level 1 in Polearms
  2422 | D:3      | Reached XP level 5. HP: 48/48 MP: 4/4
  2534 | D:4      | Found a runed translucent door.
  2534 | D:4      | Noticed a human
  2539 | D:4      | Found a basalt altar of Yredelemnul.
  2602 | D:4      | Reached XP level 6. HP: 58/58 MP: 5/5
  2606 | D:4      | Noticed Natasha
  2616 | D:4      | Killed Natasha
  2899 | D:4      | Found a staircase to the Ecumenical Temple.
  2900 | D:4      | Noticed Natasha
  2906 | D:4      | Killed Natasha
  2918 | D:4      | Noticed Natasha
  2921 | D:4      | Killed Natasha
  2983 | D:4      | Reached skill level 5 in Polearms
  2983 | D:4      | Reached XP level 7. HP: 66/66 MP: 6/6
  3358 | Temple   | Entered the Ecumenical Temple
  3587 | Temple   | Became a worshipper of the Shining One
  3587 | Temple   | Reached * piety under the Shining One
  3587 | Temple   | Reached ** piety under the Shining One
  3655 | D:5      | Entered Level 5 of the Dungeon
  3664 | D:5      | Reached skill level 1 in Armour
  3664 | D:5      | Reached skill level 1 in Invocations
  4382 | D:5      | Found a runed translucent door.
  4383 | D:5      | Noticed Crazy Yiuf
  4389 | D:5      | Killed Crazy Yiuf
  4517 | D:5      | Found a runed translucent door.
  4517 | D:5      | Noticed EiAlmux's ghost (novice TeCj)
  4717 | D:6      | Reached XP level 8. HP: 73/73 MP: 8/8
  4879 | D:6      | Noticed Grinder
  4888 | D:6      | Killed Grinder
  5013 | D:6      | Reached *** piety under the Shining One
  5025 | D:6      | Found an ancient bone altar of Kikubaaqudgha.
  5322 | D:6      | Found a radiant altar of Vehumet.
  5323 | D:6      | Found a stormy altar of Qazlal.
  5359 | D:7      | Acquired the +0 mask of the Dragon {Will+ Slay+3 SInv}
  5359 | D:7      | Found the +0 mask of the Dragon {Will+ Slay+3 SInv}
  5396 | D:7      | Reached XP level 9. HP: 78/82 MP: 10/10
  5435 | D:7      | Reached skill level 5 in Armour
  5453 | D:7      | Found a sand-covered staircase.
  5458 | Ossuary  | Entered an ossuary
  5555 | Ossuary  | Reached **** piety under the Shining One
  5993 | D:7      | Found a shadowy altar of Dithmenos.
  5993 | D:7      | Found an iron altar of Okawaru.
  6165 | D:8      | Found a staircase to the Lair.
  6174 | D:8      | Reached skill level 10 in Polearms
  6269 | D:8      | Reached skill level 5 in Invocations
  6310 | D:8      | Noticed a komodo dragon
  6316 | D:8      | Killed a komodo dragon
  6444 | D:8      | Found a blossoming altar of Fedhas.
  6451 | D:8      | Noticed Joseph
  6462 | D:8      | Killed Joseph
  6463 | D:8      | Reached XP level 10. HP: 82/92 MP: 11/13
  6670 | D:8      | Found a snail-covered altar of Cheibriados.
  6677 | D:8      | Found a sacrificial altar of Ru.
  6999 | D:9      | Reached skill level 10 in Fighting
  7094 | D:9      | Noticed a two-headed ogre
  7100 | D:9      | Killed a two-headed ogre
  7145 | D:9      | Noticed a fire crab
  7156 | D:9      | Killed a fire crab
  7168 | D:9      | Identified the +1 ring mail "Put-Me-On" {-Cast Will+++}
  7314 | D:9      | Found Keelioph's General Store.
  7318 | D:9      | Found Amerch's Magic Scroll Shop.
  7324 | D:9      | Found Kaseo's Magic Scroll Shop.
  7327 | D:9      | Found Plog's Magic Scroll Shop.
  7346 | D:9      | Bought a scroll of teleportation for 36 gold pieces
  7346 | D:9      | Bought a scroll of teleportation for 36 gold pieces
  7346 | D:9      | Bought a scroll of teleportation for 36 gold pieces
  7360 | D:9      | Bought a scroll of magic mapping for 52 gold pieces
  7619 | D:10     | Entered Level 10 of the Dungeon
  7651 | D:10     | Reached ***** piety under the Shining One
  7752 | D:10     | Noticed a two-headed ogre
  7763 | D:10     | Killed a two-headed ogre
  7764 | D:10     | Reached XP level 11. HP: 98/101 MP: 13/15
  8259 | D:10     | Noticed a death knight
  8280 | D:10     | Killed a death knight
  8281 | D:10     | Reached skill level 5 in Dodging
  8396 | D:10     | Noticed a boulder beetle
  8768 | D:10     | Found Xushudel's Antique Weapon Emporium.
  9033 | D:10     | Killed a boulder beetle
  9321 | D:11     | Found a staircase to the Orcish Mines.
  9821 | D:12     | Noticed a brown ugly thing
  9828 | D:12     | Killed a brown ugly thing
  9973 | D:12     | Noticed a two-headed ogre
  9981 | D:12     | Killed a two-headed ogre
 10020 | D:12     | Noticed Frances
 10257 | D:12     | Noticed a sun demon
 10263 | D:12     | Noticed a sun demon
 10269 | D:12     | Killed from afar by Frances

Illustrated notes

Levels and vault maps discovered:
D:1:      psy_arrival_fountain, layout_basic, minmay_pentomino_v4
D:2:      layout_basic, minmay_stone_trees_small, skrybe_limestone_x,
          minmay_misc_feat_columns
D:3:      layout_loops_ring, serial_shops, nicolae_shop_advertising_works
          [nicolae_subvault_shop_adworks], nicolae_diamond_shop,
          hangedman_glass_garden, minmay_pentangle
D:4:      layout_basic, dk_yredelemnul_ordeal, minmay_temple_entry_grid,
          uniq_natasha
D:5:      layout_layer_cave, gammafunk_ghost_grave, uniq_crazy_yiuf_cottage
D:6:      nicolae_cairo_tiling_large, layout_cave_pools,
          lemuel_zombie_altar_kikubaaqudgha, gammafunk_temple_overflow_pools,
          uniq_grinder
D:7:      layout_rooms, gammafunk_temple_overflow_statue,
          nicolae_ossuary_entry_false_entrances
D:8:      layout_basic, fedhas_altar_1, amethyst_overflow_temple_binary,
          due_lair_maze_entry_diamond, grunt_decor_mini_mirrors, the_hattery,
          uniq_joseph
D:9:      layout_rooms, special_room [special_room_orc], minmay_shop_grid_forest
D:10:     layout_basic, serial_shops, shop, minmay_shattered_shrine
D:11:     layout_cave_pools, orc_david_3
D:12:     layout_basic, uniq_frances
Temple:   dshaligram_water_room_temple

Skill      XL: |  1  2  3  4  5  6  7  8  9 10 11 |
---------------+----------------------------------+-----
Fighting       | 4 5 6 7 8 9 10 12 | 12.1
Axes           | 4 5 |  5.3
Polearms       | 1 3 5 6 8 10 12 | 12.1
Armour         | 2 4 6 8 9 |  9.9
Invocations    | 2 3 5 6 8 |  8.4
Dodging        | 4 6 |  6.6
Stealth        | |  1.5

Action                   |  1- 3 |  4- 6 |  7- 9 | 10-12 || total
-------------------------+-------+-------+-------+-------++-------
Melee: Hand axe          |    82 |    24 |       |       ||   106
       Headbutt          |    14 |    15 |    38 |    47 ||   114
       Lance             |       |    92 |   238 |   281 ||   611
       Punch             |       |     1 |     2 |     4 ||     7
Invok: Divine Shield     |       |       |       |     2 ||     2
       Cleansing Flame   |       |       |       |     2 ||     2
       Summon Divine War |       |       |       |     1 ||     1
  Use: Scroll            |     6 |     1 |    15 |     4 ||    26
       Potion            |       |       |       |     3 ||     3
 Stab: Sleeping          |     7 |       |       |       ||     7
Armor: Robe              |     2 |       |       |       ||     2
       Leather armour    |    23 |       |       |       ||    23
       Ring mail         |     7 |    40 |    35 |    37 ||   119
Dodge: Dodged            |    42 |    39 |    43 |    44 ||   168
Block: Other             |       |       |       |     4 ||     4

Table legend: (Time is in decaauts)
 A = Elapsed time spent in this place.
 B = Non-inter-level travel time spent in this place.
 C = Inter-level travel time spent in this place.
 D = Time resting spent in this place.
 E = Time spent auto-exploring this place.
 F = Levels seen in this place.
 G = Mean time per level.
                   A        B        C        D        E       F      G
               +--------+--------+--------+--------+--------+-----+--------+
         Total |  10044 |   9557 |    487 |    710 |   7302 |  14 |  717.4 |
       Dungeon |   9534 |   9104 |    430 |    692 |   7072 |  12 |  794.5 |
        Temple |    249 |    192 |     57 |      0 |    100 |   1 |  249.0 |
       Ossuary |    260 |    260 |      0 |     18 |    130 |   1 |  260.0 |
               +--------+--------+--------+--------+--------+-----+--------+

Top non-repeatable levels by time:
    D:10: 1606 daAuts
     D:5: 1017 daAuts
     D:1: 969 daAuts
     D:4: 909 daAuts
     D:2: 904 daAuts
     D:8: 787 daAuts
    D:11: 673 daAuts
     D:6: 645 daAuts
     D:9: 634 daAuts
     D:3: 616 daAuts
     D:7: 495 daAuts
    D:12: 274 daAuts
 Ossuary: 260 daAuts
  Temple: 249 daAuts
